 Dungeon Crawl Stone Soup version 0.19-a0-665-g79b24d5 (webtiles) character file.

180 Laan the Conjurer (level 5, 0/28 HPs)
             Began as a Deep Elf Wizard on June 16, 2016.
             Slain by a hobgoblin (2 damage)
             ... while paralysed by Grinder
             ... on level 3 of the Dungeon.
             The game lasted 00:06:02 (2740 turns).

Laan the Conjurer (Deep Elf Wizard)                 Turns: 2740, Time: 00:06:03

Health: 0/28       AC:  3    Str:  4    XL:     5   Next: 33%
Magic:  1/13       EV:  2    Int: 24    God:
Gold:   102        SH:  0    Dex: 13    Spells: 3 memorised, 5 levels left

rFire  . . .     SeeInvis .     (no weapon)
rCold  . . .     Gourm    .     a - +0 robe
rNeg   . . .     Faith    .     (no shield)
rPois  .         Spirit   .     r - +0 helmet
rElec  .         Dismiss  .     (no cloak)
rCorr  .         Reflect  .     (no gloves)
SustAt .         Harm     .     (no boots)
MR     .....                    (no amulet)
Stlth  ++........               (no ring)
                                (no ring)

@: paralysed, not resistant to hostile enchantments, unstealthy
A: no striking features
a: no special abilities


You were on level 3 of the Dungeon.
You were not hungry.

You visited 1 branch of the dungeon, and saw 3 of its levels.

You collected 102 gold pieces.

Inventory:

Armour
 a - a +0 robe (worn)
 e - a +1 shield of poison resistance
 r - a +0 helmet (worn)
Scrolls
 b - a scroll of amnesia {unknown}
 h - a scroll of fear {unknown}
 m - a scroll of identify {unknown}
 n - 2 scrolls of recharging {unknown}
 o - 2 scrolls of remove curse {unknown}
 q - a scroll of enchant armour {unknown}
Potions
 i - a potion of curing
 l - 2 potions of might {unknown}
 p - 2 potions of cure mutation {unknown}
Books
 c - a book of Minor Magic

   Spells                             Type                      Level
   a - Magic Dart                     Conjuration                  1
   b - Blink                          Translocation                2
   c - Call Imp                       Summoning                    2
   d - Repel Missiles                 Charms/Air                   2
   e - Slow                           Hexes                        2
   f - Conjure Flame                  Conjuration/Fire             3
   g - Mephitic Cloud                 Conjuration/Poison/Air       3
Comestibles
 d - a bread ration
 f - a meat ration
 g - 2 slices of pizza
 j - 4 fruits
 k - a beef jerky


   Skills:
 - Level 2.4 Dodging
 - Level 2.4 Stealth
 - Level 4.4 Spellcasting
 + Level 5.8 Conjurations
   Level 1.1 Summonings
   Level 1.1 Translocations


You had 5 spell levels left.
You knew the following spells:

 Your Spells              Type           Power        Failure   Level  Hunger
a - Magic Dart            Conj           ####         1%          1    None
b - Conjure Flame         Conj/Fire      ###.....     10%         3    ##.....
c - Mephitic Cloud        Conj/Pois/Air  ##......     14%         3    ##.....


Dungeon Overview and Level Annotations

Branches:
Dungeon (3/15)

Altars:
Dithmenos
Trog

Annotations:
D:3 Grinder


Message History

Grinder is heavily wounded.
Grinder hits you but does no damage.
Casting: Magic Dart
Confirm with . or Enter, or press ? or * to list all spells.
Aiming: Magic Dart
Press: ? - help, Shift-Dir - straight line, f/p - Grinder
Aim: Grinder (heavily wounded)
The magic dart hits Grinder.
Grinder is severely wounded.
The hobgoblin closely misses you. Grinder hits you!
You writhe in agony.
* * * LOW HITPOINT WARNING * * *
You closely miss the hobgoblin. The hobgoblin barely misses you.
Grinder gestures at you.
You suddenly lose the ability to move!
The hobgoblin hits you.
* * * LOW HITPOINT WARNING * * *
Grinder hits you.
* * * LOW HITPOINT WARNING * * *
The hobgoblin hits you.
You die...

#..#..#.......##.#
#..#..#[.###..##.#
#..#..#..# #..##.#
#.............##.#
#.##>.#..#.#######
#.##..##...#
#.##..##.# ####
#.....##g#.%...
#.#.#..#@5..#
#.#..#....#..#
#.###......# .#
#.# ##.....# .. ##
#......# #.
#..#....# .
#.#.###... #.#.
#.### #.#


You could see Grinder and a hobgoblin.

Vanquished Creatures
  Jessica (D:3)
  Natasha (D:2)
  4 adders
  4 worms (D:2)
  2 dart slugs
  3 giant geckos
  3 orcs
  A ball python (D:2)
  3 bats
  3 giant cockroaches
  18 goblins
  5 hobgoblins
  2 jackals (D:2)
  2 giant newts (D:2)
  8 kobolds
  10 rats
70 creatures vanquished.

Notes
Turn   | Place    | Note
--------------------------------------------------------------
     0 | D:1      | Laan the Deep Elf Wizard began the quest for the Orb.
     0 | D:1      | Reached XP level 1. HP: 10/10 MP: 7/7
   154 | D:1      | Reached skill level 2 in Conjurations
   192 | D:1      | Reached XP level 2. HP: 4/15 MP: 0/9
   671 | D:1      | Reached skill level 3 in Conjurations
   883 | D:1      | Reached XP level 3. HP: 19/19 MP: 8/10
  1278 | D:2      | Reached skill level 4 in Conjurations
  1460 | D:2      | Found a shadowy altar of Dithmenos.
  1603 | D:2      | Reached XP level 4. HP: 24/24 MP: 8/12
  1801 | D:2      | Noticed a moth of wrath
  1804 | D:2      | Found a bloodstained altar of Trog.
  2092 | D:2      | Learned a level 3 spell: Conjure Flame
  2096 | D:2      | Learned a level 3 spell: Mephitic Cloud
  2202 | D:3      | Noticed Natasha
  2262 | D:2      | Killed Natasha
  2262 | D:2      | Reached skill level 5 in Conjurations
  2483 | D:3      | Reached XP level 5. HP: 25/28 MP: 9/13
  2600 | D:3      | Noticed Jessica
  2604 | D:3      | Killed Jessica
  2723 | D:3      | Noticed Grinder
  2738 | D:3      | Paralysed by Grinder for 5 turns
  2740 | D:3      | Slain by a hobgoblin

Vault maps used:
D:1:      dpeg_arrival_houses_and_road
D:2:      tgw_trog, lemuel_doored_altar
D:3:      lemuel_zombie_altar_yredelemnul, lemuel_round_altar,
          gammafunk_temple_overflow_statue, ecumenical_altar_1,
          small_statue_intersection, minmay_misc_feat_pillars, uniq_natasha,
          uniq_jessica, uniq_grinder, uniq_robin

Skill      XL: |  1  2  3  4 |
---------------+-------------+-----
Conjurations   | 2 3 4 5 |  5.8
Dodging        | |  2.4
Stealth        | |  2.4
Spellcasting   | |  4.4
Summonings     | |  1.1
Translocations | |  1.1

Action                   |  1- 3 |  4- 6 || total
-------------------------+-------+-------++-------
Melee: Unarmed           |     5 |     1 ||     6
 Cast: Magic Dart        |    84 |    85 ||   169
  Eat: Chunk             |     2 |     3 ||     5
Armor: Robe              |     2 |     2 ||     4
Dodge: Dodged            |    12 |    17 ||    29
